 Dungeon Crawl Stone Soup version 0.31-a0-744-gbc345e7fcb (console) character file.

Game seed: 18077935749493012091

1714989 blurble the Wrestler (level 27, 225/225 HPs)
             Began as a Ghoul Monk on Sept 13, 2023.
             Was the Champion of Ru.
             Escaped with the Orb
             ... and 3 runes!
             The game lasted 02:59:13 (66050 turns).

blurble the Wrestler (Ghoul Monk)                  Turns: 66050, Time: 02:59:13

Health: 225/225    AC: 57    Str: 36    XL:     27
Magic:  13/13      EV: 22    Int:  5    God:    Ru [******]
Gold:   6586       SH: 15    Dex: 17    Spells: 26/26 levels left

rFire   + +          +
                       - Unarmed
rCold   + + +        T - +2 shield of Resistance {rF++ rC++ Will++}
rNeg    + + +        S - +13 gold dragon scales "Poowkesm" {rPois rF+ rC+ rN+ Str+5}
rPois   ∞            m - +2 helmet {SInv}
rElec   +            H - +2 cloak {rF+}
rCorr   +            Q - +2 pair of gloves of Context {rElec Regen+ rCorr}
SInv    +            c - +2 pair of boots {Fly}
Will    +++++        r - macabre finger necklace {Finger+ rN+} Stlth
                     B - +5 ring of evasion
HPRegen 1.37/turn    u - +6 ring of strength
MPRegen 0.13/turn    s - ring "Ennab" {rC+ Will+ MP-9 AC+4 Str+2}

%: no passive effects
@: flying
A: claws 1, cold resistance 1, frail 1, negative energy resistance 3, inhibited
regeneration, torment resistance 2, inability to read after injury 2, hated by
all, no hexes magic, no necromancy magic, no poison magic, unskilled 1, devour
on kill
0: Orb of Zot
}: 3/15 runes: serpentine, barnacled, silver
a: Renounce Religion, Draw Out Power, Power Leap, Apocalypse


You escaped.
You worshipped Ru.
Ru was exalted by your worship.
You visited 10 branches of the dungeon, and saw 48 of its levels.
You visited the Abyss 3 times.
You also visited: Gauntlet, Ice Cave, Volcano and Wizlab.

You collected 9567 gold pieces.
You spent 2981 gold pieces at shops.

Inventory:

Hand Weapons
 p - a +2 demon trident of venom
Missiles
 y - 6 throwing nets
 E - 2 curare-tipped darts (quivered)
Armour
 c - a +2 pair of boots of flying (worn)
 h - the +8 orange crystal plate armour {Archmagi, Int+3 Clar}
   (You acquired it on level 4 of the Lair of Beasts)

   Int+3:     It affects your intelligence (+3).
   Clar:      It protects you from confusion, rage, mesmerisation and fear.
 m - a +2 helmet of see invisible (worn)
 H - a +2 cloak of fire resistance (worn)
 Q - the +2 pair of gloves of Context (worn) {rElec Regen+ rCorr}
   (You bought it in a shop on level 1 of the Snake Pit)

   rElec:     It insulates you from electricity.
   Regen+:    It increases your rate of health regeneration.
   rCorr:     It protects you from acid and corrosion.
 S - the +13 gold dragon scales "Poowkesm" (worn) {rPois rF+ rC+ rN+ Str+5}
   (You found it on level 5 of the Vaults)

   Str+5:     It affects your strength (+5).
   rF+:       It protects you from fire.
   rC+:       It protects you from cold.
   rPois:     It protects you from poison rN+: It protects you from negative
   energy.
 T - the +2 shield of Resistance (worn) {rF++ rC++ Will++}
   (You took it off an orc priest on level 5 of the Vaults)

   rF++:      It greatly protects you from fire.
   rC++:      It greatly protects you from cold.
   Will++:    It greatly increases your willpower.
Jewellery
 i - an amulet of reflection
 j - a ring of willpower
 r - the macabre finger necklace (around neck) {Finger+ rN+}
   (You bought it in a shop on level 4 of the Depths)

   [amulet of nothing]

   Finger+:   It enables you to equip an extra ring.
   rN+:       It protects you from negative energy.
 s - the ring "Ennab" (on amulet) {rC+ Will+ MP-9 AC+4 Str+2}
   (You bought it in a shop on level 4 of the Depths)

   [ring of protection]

   AC+4:      It affects your AC (+4).
   Str+2:     It affects your strength (+2).
   rC+:       It protects you from cold.
   Will+:     It increases your willpower.
   MP-9:      It affects your magic capacity (-9).
 u - a +6 ring of strength (right hand)
 z - a ring of resist corrosion
 A - a ring of protection from fire
 B - a +5 ring of evasion (left hand)
 D - a +6 ring of dexterity
 M - the ring "Kokkah" {rCorr Int+6 SInv}
   (You found it in a Gauntlet)

   [ring of intelligence]

   Int+6:     It affects your intelligence (+6).
   SInv:      It lets you see invisible.
   rCorr:     It protects you from acid and corrosion.
Wands
 d - a wand of mindburst (20)
 v - a wand of roots (28)
 F - a wand of quicksilver (8)
 I - a wand of flame (62)
 P - a wand of polymorph (4)
Scrolls
 a - 4 scrolls of teleportation
 g - 7 scrolls of torment
 q - 9 scrolls of enchant armour
 C - 2 scrolls of silence
 G - 6 scrolls of fog
 J - 9 scrolls of vulnerability
 N - 4 scrolls of blinking
 O - 4 scrolls of fear
Potions
 b - 2 potions of ambrosia
 e - 9 potions of attraction
 f - 25 potions of curing
 k - 10 potions of resistance
 l - 2 potions of cancellation
 n - 2 potions of enlightenment
 o - 2 potions of invisibility
 x - 6 potions of might
 K - 3 potions of haste
 L - 4 potions of heal wounds


   Skills:
 - Level 21.5 Fighting
 + Level 22.4 Armour
 + Level 19.7 Dodging
 - Level 12.4 Shields
 - Level 23.3 Unarmed Combat
 - Level 7.3 Evocations


You had 26 spell levels left.
You didn't know any spells.
Your spell library contained the following spells:

 Spells                   Type           Power      Damage    Failure   Level
 Apportation              Tloc           0%         N/A       99%         1
 Freeze                   Ice            0%         1d3       99%         1
 Magic Dart               Conj           0%         1d3       99%         1
 Sandblast                Erth           0%         2d4       99%         1
 Blink                    Tloc           0%         N/A       100%        2
 Lesser Beckoning         Tloc           0%         N/A       100%        2
 Passwall                 Tmut/Erth      0%         N/A       100%        2
 Searing Ray              Conj           0%         2d4       100%        2
 Static Discharge         Conj/Air       0%         2-2/arc   100%        2
 Frozen Ramparts          Ice            0%         1d1       100%        3
 Gell's Gravitas          Tloc           0%         N/A       100%        3
 Hailstorm                Conj/Ice       0%         3d3       100%        3
 Ozocubu's Armour         Ice            0%         N/A       100%        3
 Stone Arrow              Conj/Erth      0%         3d7       100%        3
 Swiftness                Air            0%         N/A       100%        3
 Teleport Other           Tloc           0%         N/A       100%        3
 Airstrike                Air            0%         2d(0-16)  100%        4
 Flame Wave               Conj/Fire      0%         2d4       100%        4
 Iskenderun's Mystic Bla  Conj/Tloc      0%         2d3       100%        4
 Passage of Golubria      Tloc           0%         N/A       100%        4
 Petrify                  Tmut/Erth      0%         N/A       100%        4
 Sticky Flame             Conj/Fire      0%         2d3       100%        4
 Vhi's Electric Charge    Tloc/Air       0%         N/A       100%        4
 Arcjolt                  Conj/Air       0%         1d10      100%        5
 Irradiate                Conj/Tmut      0%         3d11      100%        5
 Conjure Ball Lightning   Conj/Air       0%         3x3d6     100%        6
 Plasma Beam              Fire/Air       0%         2x1d10    100%        6
 Orb of Destruction       Conj           0%         9d5       100%        7
 Ozocubu's Refrigeration  Ice            0%         4d7       100%        7
 Disjunction              Tloc           0%         N/A       100%        8
 Lehudib's Crystal Spear  Conj/Erth      0%         10d2      100%        8
 Maxwell's Capacitive Co  Air            0%         ∞         100%        8
 Polar Vortex             Ice            0%         N/A       100%        9
 Ensorcelled Hibernation  Hex/Ice        Unusable   N/A       N/A         2
 Jinxbite                 Hex            Unusable   N/A       N/A         2
 Sublimation of Blood     Necr           Unusable   N/A       N/A         2
 Wereblood                Tmut           Unusable   N/A       N/A         2
 Ignite Poison            Fire/Tmut/Pois Unusable   N/A       N/A         3
 Inner Flame              Hex/Fire       Unusable   N/A       N/A         3
 Summon Guardian Golem    Hex/Summ       Unusable   N/A       N/A         3
 Tukima's Dance           Hex            Unusable   N/A       N/A         3
 Animate Armour           Summ/Erth      Unusable   N/A       N/A         4
 Dimensional Bullseye     Hex/Tloc       Unusable   N/A       N/A         4
 Fulminant Prism          Conj/Hex       Unusable   3d5       N/A         4
 Olgreb's Toxic Radiance  Pois           Unusable   N/A       N/A         4
 Summon Lightning Spire   Summ/Air       Unusable   N/A       N/A         4
 Alistair's Intoxication  Tmut/Pois      Unusable   N/A       N/A         5
 Yara's Violent Unravell  Hex/Tmut       Unusable   3d3       N/A         5
 Spellforged Servitor     Conj/Summ      Unusable   N/A       N/A         7
 Summon Hydra             Summ           Unusable   N/A       N/A         7
 Discord                  Hex            Unusable   N/A       N/A         8

Dungeon Overview and Level Annotations

Branches:
Dungeon (15/15)            Temple (1/1) D:6            Lair (5/5) D:8
 Shoals (4/4) Lair:2        Snake (4/4) Lair:3        Slime (0/5) Lair:5
    Orc (2/2) D:10            Elf (0/3) Orc:2        Vaults (5/5) D:13
  Crypt (3/3) Vaults:3       Tomb (0/3) Crypt:3      Depths (4/4) D:15
    Zot (5/5) Depths:4      IceCv (visited)         Volcano (visited)
 WizLab (visited)         Gauntlet (visited)

Altars:
Ashenzari
Cheibriados
Dithmenos
Gozag
Kikubaaqudgha
Makhleb
Nemelex Xobeh
Qazlal
Ru
Sif Muna
Trog
Uskayaw
Vehumet
Wu Jian
Xom

Shops:
D:8 :   D:15 [   Orc:2 **=[(   Snake:1 [?[   Snake:2 (   Snake:3 [   Vaults:1 [
Depths:1 (   Depths:4 :==

Portals:
Hell: Depths:1 Depths:2 Depths:3 Depths:4
Abyss: Depths:1 Depths:3 Depths:4
Pandemonium: Orc:2 Depths:2 Depths:4
Ziggurat: Depths:3

Annotations:
D:3 Sigmund
Depths:3 2 transporters
Zot:4 1 runed translucent door, Didetumn's ghost, veteran OgBe


Innate Abilities, Weirdness & Mutations

You are immune to poison.
You have sharp fingernails.
Your flesh is cold resistant. (rC+)
You are frail. (-10% HP)
You are immune to negative energy. (rN+++)
You do not regenerate when monsters are visible.
You are immune to unholy pain and torment.
You sometimes lose the ability to read scrolls when taking damage.
You are hated by all.
You cannot study or cast Hexes magic.
You cannot study or cast Necromancy magic.
You cannot study or cast Poison magic.
You are somewhat unskilled. (-1 Apt)
You thrive by killing the living.


Message History

You pummel the Orb Guardian!!
The Orb Guardian is moderately wounded.
You closely miss the Orb Guardian.
The Orb Guardian is moderately wounded.
The Orb Guardian closely misses you.
You pound the Orb Guardian into fine dust!!!
The Orb Guardian is almost dead.
You block the Orb Guardian's attack.
You pummel the Orb Guardian like a punching bag!!!
You kill the Orb Guardian!
You feel your intelligence returning.
(D) Dungeon (T) Temple (L) Lair (A) Shoals (P) Snake Pit (M) Slime Pits (O) Orcish Mines (E) Elven Halls (V) Vaults (C) Crypt (W) Tomb (U) Depths (H) Hell (Z) Zot
Where to? (Tab/Enter - D:2 @ (x,y), ? - help) HP restored.
There is a stone staircase leading up here.
You fly upwards.
There is a stone staircase leading down here.
An Ice Fiend comes into view.
The Ice Fiend begins to attack, but is stunned by your conviction!
You block the Ice Fiend's attack. The Ice Fiend misses you.
You pulverise the Ice Fiend!!!
The Ice Fiend is heavily wounded.
You pummel the Ice Fiend!!
The Ice Fiend is severely wounded.
You redirect the Ice Fiend's attack!
The Ice Fiend claws itself but does no damage.
The Ice Fiend claws itself!!
You closely miss the Ice Fiend.
The Ice Fiend is severely wounded.
You barely miss the Ice Fiend.
The Ice Fiend is severely wounded.
You block the Ice Fiend's attack.
The Ice Fiend claws you but does no damage.
You pound the Ice Fiend into fine dust!!!
You kill the Ice Fiend!
There is a staircase leading out of the dungeon here.
You have escaped!

......#.##.##...########
......#........).......#
......#.##..#.#>##..##.#
......#.....##.###.....#
##)####.##.##### ##.##.#
##.####.>### ###>.#
........##.## #####.##.#
#.##.##.....###.##.....#
#.##.##.##..##>#@#..##.#
..##.##................#
...#.########......#############
##.#.# #...#..............#
.....# ####.###.###########.#
##.### #......### #.#
#...#######.##.#.# #.#
#...#.......##.#.# #.##
#...#.####.....#.# #...


There were no monsters in sight!

Vanquished Creatures
  4 dread liches
  4 ancient liches
  Mara (Shoals:4)
  Mennas (Vaults:3)
  Khufu (Crypt:2)
  9 orbs of fire
  Sojobo (Vaults:4)
  2 royal mummies
  4 Killer Klowns
  Vv (Depths:4)
  Bai Suzhen (Snake:3)
  4 curse toes
  Vashnia (Snake:2)
  8 caustic shrikes
  11 golden dragons
  A profane servitor (Abyss:3)
  3 bone dragons
  2 doom hounds (Crypt:3)
  4 electric golems
  Jorgrun (D:12)
  16 tentacled monstrosities
  2 Ice Fiends
  27 Orb Guardians
  8 sphinxes
  Grunn (Crypt:3)
  A pandemonium lord (Zot:3)
  6 titans
  Polyphemus (Shoals:3)
  8 liches
  3 ancient champions
  7 quicksilver dragons
  3 krakens
  4 death cobs
  2 tentacled starspawn (Abyss:3)
  8 tengu reavers
  9 shadow dragons
  15 storm dragons
  Kirke (D:13)
  Aizul (Snake:2)
  Ilsuiw (Shoals:3)
  4 draconian monks
  3 demonspawn warmongers
  12 nagarajas
  4 draconian knights
  5 frost giants
  5 fire giants
  6 draconian scorchers
  2 ghost moths (Zot:3)
  A deep elf sorcerer (Vaults:5)
  6 draconian shifters
  A juggernaut zombie (Crypt:2)
  21 vault wardens
  3 iron dragons (Vaults:5)
  3 curse skulls
  A caustic shrike zombie (Depths:2)
  An orc warlord (Vaults:2)
  2 draconian stormcallers (Zot:3)
  A demonspawn blood saint (Zot:4)
  A spriggan defender (Depths:2)
  4 draconian annihilators
  6 war gargoyles
  6 reapers
  A formless jellyfish (Vaults:1)
  6 ironbound thunderhulks
  An ophan (Abyss:3)
  13 stone giants
  12 very ugly things
  13 green draconians
  18 ironbound preservers
  A deep elf demonologist (Vaults:5)
  2 lorocyprocas
  3 vampire knights
  A deep elf annihilator (Vaults:4)
  7 red draconians
  7 black draconians
  11 yellow draconians
  9 dire elephants
  A minotaur (Gauntlet)
  8 white draconians
  7 purple draconians
  4 spark wasps (Depths:3)
  10 eidola
  6 merfolk javelineers
  10 ettins
  3 crystal guardians
  4 mummy priests
  A blizzard demon (Zot:4)
  6 deep elf death magi
  4 jiangshi
  Snorg (D:10)
  19 yaktaur captains
  A quicksilver dragon zombie (Crypt:2)
  5 deep elf high priests
  6 fire dragons
  11 merfolk impalers
  35 vault guards
  10 great orbs of eyes
  A quicksilver dragon skeleton (Crypt:2)
  Fannar (D:12)
  2 hell beasts
  2 rakshasas
  2 catoblepae
  7 hydras
  A salamander tyrant (Snake:4)
  4 spriggan air magi
  A spriggan skeleton (Crypt:3)
  A ghost crab (Gauntlet)
  5 peacekeepers
  3 anacondas (Snake:1)
  21 centaur warriors
  3 ice dragons
  A merfolk avatar (Shoals:4)
  3 ogre magi
  2 demonspawn (Orc:2)
  3 boulder beetles
  10 ironbound frosthearts
  3 satyrs
  3 alligator snapping turtles
  5 merfolk aquamancers
  5 deep troll shamans
  10 two-headed ogres
  14 naga warriors
  4 vampire magi
  6 hell hogs
  7 death yaks
  A two-headed ogre (shapeshifter) (Depths:4)
  2 death knights
  4 thrashing horrors (Abyss:3)
  2 titan zombies (Crypt:3)
  2 spriggan berserkers
  4 shock serpents
  9 hell knights
  10 orc high priests
  6 tengu warriors
  6 large abominations (Abyss:3)
  3 deep troll earth magi
  8 naga sharpshooters
  4 soul eaters
  A storm dragon zombie (WizLab)
  A sun demon (Depths:2)
  Amaemon (D:8)
  Nergalle (D:11)
  A storm dragon skeleton (Depths:2)
  5 skysharks
  4 shadow wraiths (Crypt:2)
  8 skeletal warriors
  15 sea snakes
  4 golden dragon zombies
  Lodul (D:12)
  3 iron trolls
  2 sixfirhies
  2 bunyip zombies (Crypt:3)
  6 salamander mystics
  A flayed ghost (Crypt:2)
  A kraken simulacrum (Shoals:4)
  2 anaconda zombies (Crypt:3)
  5 naga ritualists
  11 wizards
  An anaconda skeleton (Crypt:3)
  An orange crystal statue (D:12)
  57 deep trolls
  Pikel (D:8)
  7 harpies
  A golden dragon skeleton (Depths:2)
  7 deep elf pyromancers (Volcano)
  9 orc knights
  15 lindwurms
  A deep elf archer (Volcano)
  19 necromancers
  19 phantasmal warriors
  2 bunyip skeletons (Crypt:3)
  A tengu zombie (WizLab)
  5 wolf spiders (Crypt:3)
  19 ironbound convokers
  A wolf spider (shapeshifter) (Vaults:5)
  An iron dragon zombie (WizLab)
  8 mana vipers
  6 orc sorcerers
  A human zombie (WizLab)
  28 ugly things
  A stone giant zombie (WizLab)
  A frost giant zombie (WizLab)
  2 tengu skeletons
  17 manticores
  12 fauns
  A will-o-the-wisp (Abyss:3)
  2 worldbinders (Abyss:3)
  16 salamanders
  A rust devil (Depths:2)
  A dire elephant zombie (Crypt:1)
  24 moths of wrath
  4 water nymphs
  7 cyclopes
  5 elephants
  Joseph (D:7)
  3 ice statues
  14 merfolk sirens
  4 naga zombies (Crypt:3)
  2 molten gargoyles
  2 torpor snails
  A water nymph (shapeshifter) (Depths:1)
  6 guardian serpents
  36 black mambas
  2 orange demons
  3 demonspawn zombies
  18 naga magi
  14 cane toads
  20 vault sentinels
  A black draconian zombie (Crypt:1)
  A smoke demon (Zot:4)
  Maggie (D:6)
  A dire elephant skeleton (Crypt:3)
  An orb spider zombie (Crypt:2)
  4 kobold demonologists
  11 komodo dragons
  4 rime drakes
  2 minotaur zombies (Gauntlet)
  50 yaktaurs
  Psyche (D:11)
  5 freezing wraiths
  An ice devil (Lair:5)
  A komodo dragon (shapeshifter) (D:15)
  7 guardian mummies
  An unseen horror zombie (Crypt:1)
  An alligator snapping turtle skeleton (Crypt:3)
  An ancient zyme (Abyss:3)
  6 tengu conjurers
  A red devil (Orc:2)
  A black draconian skeleton (Crypt:1)
  6 harpy zombies
  8 trolls
  2 hornets
  2 meliai (D:15)
  12 wind drakes
  27 merfolk
  11 blink frogs
  12 polar bears
  5 spriggan zombies
  12 hellwings (Crypt:3)
  A raiju (Abyss:3)
  7 snapping turtles
  An ettin zombie (Crypt:1)
  29 dream sheep
  5 flying skulls (Crypt:2)
  5 jumping spiders (Crypt:3)
  A meliai zombie (Crypt:1)
  An ettin skeleton (Crypt:3)
  11 water elementals
  A centaur simulacrum (Abyss:3)
  A spriggan (shapeshifter) (Vaults:5)
  8 wraiths
  A spriggan (Depths:2)
  A vampire (D:11)
  A dire elephant simulacrum (Crypt:1)
  59 slime creatures
  4 wyverns
  A ynoxinul (Orc:2)
  70 yaks
  2 black mamba skeletons
  9 fire bats
  10 humans
  An ushabti (Crypt:3)
  7 basilisks
  5 fire elementals
  Eustachio (D:5)
  2 neqoxecs (Abyss:3)
  5 redbacks
  12 vampire mosquitoes
  A steam dragon (Lair:2)
  3 chaos spawn
  3 swamp worms
  34 nagas
  3 wargs
  A two-headed ogre zombie (Crypt:2)
  Menkaure (D:6)
  An elf zombie (WizLab)
  An acid dragon (D:10)
  7 water moccasins
  A floating eye (shapeshifter) (D:15)
  6 hell hounds (Volcano)
  2 naga skeletons (Crypt:3)
  A glowing shapeshifter skeleton (Crypt:2)
  3 ice beasts
  A sky beast (D:6)
  5 black bears
  An ettin simulacrum (Crypt:1)
  25 orc warriors
  43 wolves
  13 ogres
  4 boggarts
  6 centaurs
  A rime drake skeleton (Crypt:1)
  2 lemures (D:8)
  A phantom (D:5)
  4 small abominations (Abyss:3)
  9 gnoll sergeants
  2 kobold brigands
  9 bullfrogs
  8 wyvern skeletons (Crypt:3)
  4 wights (D:8)
  A polar bear zombie (Crypt:1)
  2 electric eels
  3 lava snakes (Lair:3)
  5 jellies
  A quasit (Abyss:3)
  25 orc priests
  5 gnoll boudas
  9 hounds
  A sleepcap (D:5)
  2 iguanas (D:5)
  12 orc wizards
  2 mummies (Crypt:3)
  54 gnolls
  5 adders
  A shadow imp (D:7)
  A white imp (Lair:5)
  An ufetubus (Abyss:3)
  2 worms
  A dart slug (D:4)
  90 orcs
  10 ball pythons
  4 endoplasms
  6 giant cockroaches
  6 goblins
  7 hobgoblins
  5 jackals (D:10)
  16 kobolds
  2 quokkas (D:3)
  A ball python zombie (Crypt:2)
  3 bats
  3 frilled lizards (D:1)
  A kobold zombie (Crypt:1)
  5 rats
  A starspawn tentacle (Abyss:3)
  10 tentacles
2209 creatures vanquished.

Vanquished Creatures (collateral kills)
  A scorpion (D:6)
1 creature vanquished.

Vanquished Creatures (others)
  A doom hound (Crypt:3)
  A death cob (Zot:2)
  An Executioner (Abyss:3)
  An emperor scorpion (D:15)
  A vault warden (Vaults:4)
  A very ugly thing (Depths:1)
  A stone giant (Vaults:5)
  A green draconian (Zot:3)
  A red draconian (Zot:5)
  A merfolk impaler (Shoals:3)
  A yaktaur captain (Vaults:3)
  A merfolk aquamancer (Shoals:4)
  A death yak (Shoals:3)
  A naga warrior (Snake:3)
  2 naga sharpshooters (Snake:2)
  4 deep trolls
  A large abomination (Abyss:3)
  An ironbound convoker (Vaults:4)
  An iron dragon zombie (Crypt:3)
  A necromancer (Vaults:5)
  A phantasmal warrior (Crypt:3)
  A moth of wrath (Zot:2)
  A black mamba (Snake:2)
  2 naga magi (Snake:4)
  A vault sentinel (Vaults:3)
  A tengu conjurer (Depths:1)
  A komodo dragon (Lair:2)
  2 yaktaurs (Vaults:4)
  A tormentor (Zot:3)
  A harpy zombie (Crypt:3)
  A wind drake (Shoals:1)
  A troll (Orc:1)
  A meliai (D:15)
  A snapping turtle (Shoals:2)
  A slime creature (Depths:1)
  A redback (Crypt:3)
  2 nagas
  An orc warrior (Orc:2)
  A black bear (Lair:4)
  A boggart (shapeshifter) (Depths:4)
  A lava snake (Lair:3)
  2 orc wizards
  3 orcs
  2 kobolds (D:12)
  2 foxfires (Abyss:3)
  5 starspawn tentacles (Abyss:3)
  33 tentacles
95 creatures vanquished.

Grand Total: 2305 creatures vanquished

Notes
Turn   | Place    | Note
-------+----------+-------------------------------------------
     0 | D:1      | blurble the Ghoul Monk began the quest for the Orb.
     0 | D:1      | Reached XP level 1. HP: 19/19 MP: 0/0
   138 | D:1      | Reached XP level 2. HP: 26/26 MP: 1/1
   184 | D:1      | Reached skill level 4 in Unarmed Combat
   616 | D:1      | Reached XP level 3. HP: 31/31 MP: 2/2
   876 | D:2      | Identified the +1 short sword of the Abyss {protect, Fly
                  | Str+7 Int-5}
  1357 | D:3      | Found a faded altar of an unknown god.
  1429 | D:3      | Reached skill level 5 in Unarmed Combat
  1519 | D:3      | Reached XP level 4. HP: 38/38 MP: 3/3
  1573 | D:3      | Noticed Sigmund
  1656 | D:3      | Identified the +3 leather armour of Zohetyuwnu {Fly Str+3}
  2001 | D:4      | Reached skill level 6 in Unarmed Combat
  2102 | D:4      | Reached XP level 5. HP: 35/45 MP: 4/4
  2646 | D:4      | Identified the +6 flail "Sacuw" {heavy, rF+ Will+ Dex+3
                  | Stlth-}
  2711 | D:4      | Reached skill level 7 in Unarmed Combat
  2917 | D:5      | Entered Level 5 of the Dungeon
  2999 | D:5      | Reached XP level 6. HP: 51/51 MP: 5/5
  3181 | D:5      | Reached skill level 8 in Unarmed Combat
  3312 | D:5      | Noticed Eustachio
  3328 | D:5      | Killed Eustachio
  3329 | D:5      | Reached skill level 1 in Armour
  3329 | D:5      | Reached XP level 7. HP: 25/57 MP: 6/6
  3787 | D:6      | Found a staircase to the Ecumenical Temple.
  3839 | Temple   | Entered the Ecumenical Temple
  3873 | Temple   | Became a worshipper of Ru the Awakened
  3879 | Temple   | Gained mutation: You are somewhat unskilled. (-1 Apt) [Ru
                  | sacrifice]
  3879 | Temple   | Reached * piety under Ru
  4059 | D:6      | Noticed Maggie
  4309 | D:6      | Reached XP level 8. HP: 63/63 MP: 7/7
  4384 | D:6      | Noticed Menkaure
  4394 | D:6      | Killed Menkaure
  4602 | D:6      | Reached skill level 9 in Unarmed Combat
  4685 | D:6      | Found a shadowy altar of Dithmenos.
  4857 | D:6      | Killed Maggie
  5098 | D:7      | Found a stormy altar of Qazlal.
  5193 | D:7      | Found a broken altar of Ashenzari.
  5260 | D:7      | Reached XP level 9. HP: 71/72 MP: 8/8
  5393 | D:7      | Found a basalt altar of Yredelemnul.
  5404 | D:7      | Reached skill level 5 in Fighting
  5416 | D:7      | Found a shimmering blue altar of Sif Muna.
  5419 | D:7      | Found a sparkling altar of Nemelex Xobeh.
  5434 | D:7      | Found a snail-covered altar of Cheibriados.
  5434 | D:7      | Noticed Joseph
  5450 | D:7      | Killed Joseph
  5451 | D:7      | Reached skill level 10 in Unarmed Combat
  5705 | D:8      | Noticed an orange demon
  5708 | D:8      | Noticed Amaemon
  5766 | D:8      | Found Ajupp's Book Boutique.
  5805 | D:7      | Killed an orange demon
  5806 | D:7      | Reached skill level 1 in Evocations
  5886 | D:8      | Noticed Pikel
  5920 | D:8      | Killed Pikel
  5996 | D:8      | Killed Amaemon
  5997 | D:8      | Reached XP level 10. HP: 43/88 MP: 9/9
  6900 | D:9      | Reached skill level 5 in Armour
  7048 | D:9      | Gained mutation: You are frail. (-10% HP) [Ru sacrifice]
  7048 | D:9      | Reached ** piety under Ru
  7131 | D:9      | Reached skill level 11 in Unarmed Combat
  7682 | D:9      | Noticed a kobold demonologist
  7695 | D:9      | Killed a kobold demonologist
  7856 | D:9      | Reached XP level 11. HP: 72/84 MP: 10/10
  7969 | D:8      | Reached skill level 12 in Unarmed Combat
  8160 | D:8      | Identified the +1 ring mail of Tomorrow {Harm Regen+}
  8213 | D:8      | Found a staircase to the Lair.
  8518 | D:10     | Entered Level 10 of the Dungeon
  8855 | D:10     | Noticed Snorg
  8882 | D:10     | Killed Snorg
  9514 | D:10     | Noticed a two-headed ogre
  9536 | D:10     | Killed a two-headed ogre
  9550 | D:10     | Reached skill level 13 in Unarmed Combat
  9791 | Lair:1   | Entered Level 1 of the Lair of Beasts
  9860 | Lair:1   | Gained mutation: You cannot study or cast Poison magic. [Ru
                  | sacrifice]
  9860 | Lair:1   | Gained mutation: You cannot study or cast Hexes magic. [Ru
                  | sacrifice]
  9860 | Lair:1   | Gained mutation: You cannot study or cast Necromancy magic.
                  | [Ru sacrifice]
  9860 | Lair:1   | Reached *** piety under Ru
 10078 | Lair:1   | Reached skill level 5 in Evocations
 10220 | Lair:1   | Reached XP level 12. HP: 90/90 MP: 11/11
 10905 | Lair:1   | Noticed a demonic crawler
 11026 | Lair:2   | Noticed a fire dragon
 11026 | Lair:2   | Noticed a skyshark
 11026 | Lair:2   | Noticed a seven-headed hydra
 11388 | Lair:2   | Reached skill level 5 in Dodging
 11441 | Lair:2   | Found a staircase to the Shoals.
 12307 | Lair:3   | Reached skill level 14 in Unarmed Combat
 12432 | Lair:3   | Gained mutation: You are hated by all. [Ru sacrifice]
 12432 | Lair:3   | Reached **** piety under Ru
 12432 | Lair:3   | Reached ***** piety under Ru
 12598 | Lair:3   | Noticed an eight-headed hydra
 12762 | Lair:3   | Found a runed translucent door.
 12842 | Lair:3   | Reached XP level 13. HP: 79/97 MP: 12/12
 12966 | Lair:4   | Identified a scroll of acquirement
 12966 | Lair:4   | Acquired the +8 orange crystal plate armour {Archmagi,
                  | Int+3 Clar}
 12966 | Lair:4   | Found the +8 orange crystal plate armour {Archmagi, Int+3
                  | Clar}
 13114 | Lair:4   | You fall into a shaft and drop 1 floor!
 13114 | Lair:5   | Entered Level 5 of the Lair of Beasts
 13210 | Lair:5   | Found a staircase to the Slime Pits.
 13711 | Lair:4   | Reached skill level 10 in Armour
 13713 | Lair:4   | Reached skill level 10 in Fighting
 13975 | Lair:4   | Identified the +11 dagger "Yreh" {speed, rElec rC++}
 14475 | Lair:5   | Gained mutation: You occasionally lose the ability to read
                  | scrolls when taking damage. [Ru sacrifice]
 14475 | Lair:5   | Gained mutation: You sometimes lose the ability to read
                  | scrolls when taking damage. [Ru sacrifice]
 14475 | Lair:5   | Reached ****** piety under Ru
 14675 | Lair:5   | Reached XP level 14. HP: 111/111 MP: 13/13
 15612 | Lair:3   | Found a staircase to the Snake Pit.
 16464 | D:10     | Found a staircase to the Orcish Mines.
 16692 | D:11     | Found a gate leading to a gauntlet.
 16700 | Gauntlet | Entered a Gauntlet
 16700 | Gauntlet | Found a transporter.
 16710 | Gauntlet | Found a transporter.
 16710 | Gauntlet | Found a transporter.
 16712 | Gauntlet | Found a transporter.
 16730 | Gauntlet | Found a transporter.
 16742 | Gauntlet | Found a transporter.
 16755 | Gauntlet | Identified the +2 helmet of Least Resistance {rF+ rN+
                  | Slay-6 Stlth+}
 16770 | Gauntlet | Found a transporter.
 16784 | Gauntlet | Reached skill level 1 in Shields
 16787 | Gauntlet | Found a transporter.
 16815 | Gauntlet | Found a transporter.
 16831 | Gauntlet | Identified the ring "Kokkah" {rCorr Int+6 SInv}
 16841 | Gauntlet | Found a transporter.
 16850 | Gauntlet | Identified the +6 great sword of Xenluq {freeze, rElec rC+}
 16864 | Gauntlet | Got The Foundations of Witchcraft
 17022 | D:11     | Found a frozen archway.
 17070 | IceCv    | Entered an ice cave
 17802 | IceCv    | Noticed a frost giant
 17839 | IceCv    | Killed a frost giant
 17965 | IceCv    | Identified the ring "Sipt" {Fire Str+3}
 18318 | D:11     | Reached skill level 5 in Shields
 18363 | D:11     | Noticed Psyche
 18387 | D:11     | Killed Psyche
 18411 | D:11     | Found a stormy altar of Qazlal.
 18419 | D:11     | Noticed Nergalle
 18437 | D:11     | Killed Nergalle
 18438 | D:11     | Reached XP level 15. HP: 102/119 MP: 14/14
 18461 | D:11     | Paralysed by an ogre mage for 3 turns
 18816 | D:12     | Noticed Fannar
 18858 | D:12     | Killed Fannar
 18867 | D:12     | Noticed Jorgrun
 18936 | D:12     | Killed Jorgrun
 19095 | D:12     | Noticed Lodul
 19107 | D:12     | Killed Lodul
 20181 | D:12     | Found the +8 lance "Wyrmbane" {slay drac, rPois rF+ rC+
                  | AC+3}
 20745 | D:13     | Noticed Kirke
 20765 | D:13     | Killed Kirke
 20979 | D:13     | Found a gate to the Vaults.
 20989 | Abyss:3  | Found a corrupted altar of Lugonu.
 20989 | Abyss:3  | Cast into level 3 of the Abyss (a wizard)
 21000 | D:13     | Escaped the Abyss
 21226 | Orc:1    | Entered Level 1 of the Orcish Mines
 21308 | Orc:2    | Entered Level 2 of the Orcish Mines
 21605 | Orc:1    | Reached skill level 10 in Shields
 21608 | Orc:1    | Found a dark tunnel.
 21619 | Volcano  | Entered a volcano
 22175 | Orc:2    | Found Ocreeqapt's Weapon Shoppe.
 22744 | Orc:2    | Found Achaubio's General Store.
 22745 | Orc:2    | Found Hacvae Datu's General Store.
 23034 | Orc:2    | Bought a scroll of blinking for 120 gold pieces
 23034 | Orc:2    | Bought a potion of haste for 160 gold pieces
 23088 | Orc:2    | Found a staircase to the Elven Halls.
 23296 | Orc:2    | Found a runed translucent door.
 23498 | Orc:2    | Reached XP level 16. HP: 126/126 MP: 15/15
 24201 | Orc:2    | Reached skill level 15 in Unarmed Combat
 24374 | Orc:2    | Found Rimuman's Antique Armour Boutique.
 24374 | Orc:2    | Found Hutuw's Jewellery Shop.
 24375 | Orc:2    | Found a one-way gate leading to the halls of Pandemonium.
 25029 | Abyss:3  | Cast into level 3 of the Abyss (a wizard)
 25062 | Abyss:3  | Noticed a tentacled starspawn
 25067 | Abyss:3  | Noticed a bone dragon
 25098 | Abyss:3  | Killed a tentacled starspawn
 25168 | Abyss:3  | Found a corrupted altar of Lugonu.
 25237 | Abyss:3  | Noticed a daeva
 25461 | Abyss:3  | Noticed a lich
 25647 | D:14     | Escaped the Abyss
 26377 | D:15     | Entered Level 15 of the Dungeon
 27087 | D:15     | Found a staircase to the Depths.
 27333 | D:15     | Found Earendil's Dragon-Slaying Spoils.
 27740 | Snake:1  | Entered Level 1 of the Snake Pit
 28395 | Snake:1  | Reached XP level 17. HP: 119/135 MP: 7/16
 28572 | Snake:1  | Reached skill level 16 in Unarmed Combat
 28755 | Snake:1  | Found Immier's Antique Armour Shoppe.
 28755 | Snake:1  | Found Weytev's Magic Scroll Emporium.
 28759 | Snake:1  | Found Luoduuc's Armour Shoppe.
 28850 | Snake:1  | Bought a scroll of blinking for 75 gold pieces
 28850 | Snake:1  | Bought a scroll of teleportation for 30 gold pieces
 28850 | Snake:1  | Bought a scroll of teleportation for 30 gold pieces
 28852 | Snake:1  | Bought the +2 pair of gloves of Context {rElec Regen+
                  | rCorr} for 511 gold pieces
 28857 | Snake:1  | Bought a +2 pair of boots of stealth for 322 gold pieces
 29490 | Snake:2  | Found Tisin's Weapon Emporium.
 29554 | Snake:2  | Noticed Aizul
 29578 | Snake:2  | Killed Aizul
 30185 | Snake:2  | Noticed Vashnia
 30248 | Snake:2  | Killed Vashnia
 31000 | Snake:3  | Reached skill level 17 in Unarmed Combat
 31403 | Snake:3  | Found Gyest's Superior Scales.
 31601 | Snake:4  | Entered Level 4 of the Snake Pit
 31672 | Snake:4  | Noticed Bai Suzhen
 31697 | Snake:3  | Killed Bai Suzhen
 32270 | Snake:4  | Reached XP level 18. HP: 143/143 MP: 17/17
 32479 | Snake:4  | Reached skill level 15 in Armour
 32601 | Snake:4  | Reached skill level 18 in Unarmed Combat
 32995 | Snake:4  | Got a serpentine rune of Zot
 33327 | Vaults:1 | Entered Level 1 of the Vaults
 33365 | Vaults:1 | Found a transporter.
 33365 | Vaults:1 | Found Zakog's Armour Shop.
 34458 | Vaults:1 | Reached skill level 15 in Fighting
 34472 | Vaults:1 | Reached skill level 19 in Unarmed Combat
 34706 | Vaults:1 | Found a transporter.
 35057 | Vaults:1 | Bought a +1 helmet of see invisible for 280 gold pieces
 35732 | Vaults:2 | Reached XP level 19. HP: 153/153 MP: 18/18
 36341 | Vaults:2 | Reached XP level 20. HP: 162/162 MP: 19/19
 37132 | Vaults:2 | Identified the +4 scale mail "Zaeph" {rCorr Dex+3 Slay-6
                  | Stlth+}
 37161 | Vaults:2 | Reached skill level 20 in Unarmed Combat
 37632 | Vaults:3 | Identified the ring "Parro" {+Blink rPois Will- rCorr EV+5}
 37876 | Vaults:3 | Found a staircase to the Crypt.
 38174 | Vaults:3 | Noticed Mennas
 38586 | Vaults:3 | Killed Mennas
 38793 | Vaults:3 | Reached XP level 21. HP: 129/172 MP: 20/20
 39364 | Vaults:4 | Identified the +8 short sword of Success {flame, Str+3
                  | Int+2}
 39559 | Vaults:4 | Found a magical portal.
 39637 | WizLab   | Entered Doroklohe's Tomb
 40261 | WizLab   | Noticed a royal mummy
 40377 | WizLab   | Killed a royal mummy
 40668 | WizLab   | Identified the +6 chain mail of Inquiry {rF++ rCorr MP+9
                  | Dex-5}
 40724 | WizLab   | Identified the +2 plate armour of the Iron City of Dis
                  | {*Corrode rF+++ Str+3 SInv}
 40802 | WizLab   | Identified the +1 pair of boots of Hian {rElec rC- rN+++
                  | rCorr}
 41492 | Vaults:4 | Noticed Sojobo
 41614 | Vaults:4 | Killed Sojobo
 42325 | Vaults:4 | Upgraded the game from 0.31-a0-743-g45f7035092 to
                  | 0.31-a0-744-gbc345e7fcb
 42570 | Shoals:1 | Entered Level 1 of the Shoals
 43043 | Shoals:1 | Reached skill level 10 in Dodging
 43466 | Shoals:2 | Reached XP level 22. HP: 171/180 MP: 21/21
 44204 | Shoals:3 | Noticed Ilsuiw
 44400 | Shoals:3 | Noticed Polyphemus
 44433 | Shoals:3 | Killed Polyphemus
 45027 | Shoals:3 | Killed Ilsuiw
 45126 | Shoals:4 | Entered Level 4 of the Shoals
 46069 | Shoals:4 | Noticed Mara
 46104 | Shoals:4 | Noticed blurble's illusion
 46106 | Shoals:4 | Killed Mara
 46238 | Shoals:4 | Got a barnacled rune of Zot
 46850 | Depths:1 | Entered Level 1 of the Depths
 47391 | Depths:1 | Found Neinlum's Weapon Shoppe.
 47391 | Depths:1 | Identified the amulet "Urghuh" {Regen+ Stlth+}
 47550 | Depths:1 | Paralysed by a great orb of eyes for 3 turns
 47579 | Abyss:3  | Noticed a profane servitor
 47579 | Abyss:3  | Cast into level 3 of the Abyss (a wizard)
 47608 | Abyss:3  | Killed a profane servitor
 47609 | Abyss:3  | Reached XP level 23. HP: 131/186 MP: 22/22
 47807 | Abyss:3  | Noticed a dread lich
 47824 | Abyss:3  | Killed a dread lich
 47887 | Abyss:3  | Found a corrupted altar of Lugonu.
 47893 | Abyss:3  | Found a shimmering blue altar of Sif Muna.
 47906 | Abyss:3  | Found a shimmering blue altar of Sif Muna.
 47910 | Depths:1 | Escaped the Abyss
 48077 | Depths:1 | Found a gateway to Hell.
 48203 | Depths:1 | Found the ring of the Hare {EV+10}
 48287 | Depths:1 | Found a one-way gate to the infinite horrors of the Abyss.
 48451 | Depths:2 | You fall into a shaft and drop 2 floors!
 48451 | Depths:4 | Entered Level 4 of the Depths
 48458 | Depths:4 | Found Qetinn's Jewellery Shoppe.
 48460 | Depths:4 | Found Ziemuef's Book Boutique.
 48461 | Depths:4 | Found Meceom's Jewellery Shoppe.
 48466 | Depths:4 | Bought the macabre finger necklace {Finger+ rN+} for 840
                  | gold pieces
 48466 | Depths:4 | Found the macabre finger necklace {Finger+ rN+}
 48484 | Depths:4 | Bought the ring "Ennab" {rC+ Will+ MP-9 AC+4 Str+2} for 613
                  | gold pieces
 48621 | Depths:3 | Found a one-way gateway to a ziggurat.
 48901 | Depths:3 | Found a transporter.
 48920 | Depths:3 | Found a transporter.
 48924 | Depths:3 | Found a transporter.
 50630 | Depths:2 | Found an ornate altar of the Wu Jian Council.
 51011 | Depths:4 | Noticed a caustic shrike
 51054 | Depths:3 | Found a transporter.
 51119 | Depths:3 | Killed a caustic shrike
 51165 | Depths:4 | Noticed a caustic shrike
 51165 | Depths:4 | Noticed a caustic shrike
 51174 | Depths:4 | Noticed a caustic shrike
 51192 | Depths:3 | Killed a caustic shrike
 51203 | Depths:3 | Killed a caustic shrike
 51327 | Depths:3 | Killed a caustic shrike
 51533 | Depths:4 | Identified the -2 kite shield of True Grit {rC- Will+ Int+4
                  | Dex+4}
 51552 | Depths:4 | Noticed a golden dragon
 51568 | Depths:4 | Killed a golden dragon
 51590 | Depths:4 | Reached XP level 24. HP: 145/198 MP: 13/22
 51598 | Depths:4 | Found a gate to the Realm of Zot.
 51960 | Depths:4 | Noticed a caustic shrike
 51960 | Depths:4 | Noticed a caustic shrike
 51960 | Depths:4 | Noticed a caustic shrike
 51961 | Depths:4 | Noticed a caustic shrike
 51968 | Depths:4 | Killed a caustic shrike
 52014 | Depths:4 | Killed a caustic shrike
 52148 | Depths:4 | Killed a caustic shrike
 52149 | Depths:4 | Reached skill level 15 in Dodging
 52637 | Crypt:1  | Entered Level 1 of the Crypt
 53099 | Crypt:1  | You fall into a shaft and drop 1 floor!
 53366 | Crypt:2  | Paralysed by a sphinx for 4 turns
 53453 | Crypt:2  | Noticed a royal mummy
 53476 | Crypt:2  | Killed a royal mummy
 53513 | Crypt:2  | Noticed Khufu
 53532 | Crypt:2  | Killed Khufu
 53572 | Crypt:2  | Got the Atlas of Conjuration and the Wendigo
 53701 | Crypt:2  | Reached skill level 21 in Unarmed Combat
 53870 | Crypt:2  | Identified the +3 orcbow of Peroudey {flame, Dex+7 Stlth-}
 54661 | Crypt:3  | Entered Level 3 of the Crypt
 54690 | Crypt:3  | Noticed Grunn
 54731 | Crypt:3  | Killed Grunn
 55418 | Crypt:3  | Found an ancient bone altar of Kikubaaqudgha.
 55586 | Crypt:3  | Noticed an ancient lich
 55615 | Crypt:3  | Killed an ancient lich
 55942 | Crypt:3  | Found a staircase to the Tomb.
 56207 | Crypt:3  | Reached XP level 25. HP: 207/207 MP: 13/22
 56224 | Crypt:3  | Reached skill level 22 in Unarmed Combat
 56242 | Crypt:3  | Identified the +1 sling of Tacsotom {flame, rF+ Int+4
                  | Dex+3}
 56418 | Crypt:3  | Acquired 955 gold pieces
 56888 | Vaults:5 | Entered Level 5 of the Vaults
 56888 | Vaults:5 | Noticed a dread lich
 56984 | Vaults:4 | Killed a dread lich
 57584 | Vaults:5 | Noticed an ancient lich
 57701 | Vaults:5 | Identified the staff of the Butterfly {Fragile rF+ rN+++
                  | Int-2 Tloc Fire}
 57702 | Vaults:5 | Identified the +13 gold dragon scales "Poowkesm" {rPois rF+
                  | rC+ rN+ Str+5}
 57724 | Vaults:5 | Got a silver rune of Zot
 57962 | Vaults:5 | Killed an ancient lich
 57998 | Vaults:5 | Reached skill level 23 in Unarmed Combat
 58247 | Vaults:5 | Identified the +8 orcbow of the Unkillable {heavy, rC+
                  | Dex+3 Stlth-}
 58388 | Vaults:5 | Noticed a dread lich
 58411 | Vaults:5 | Killed a dread lich
 58724 | Vaults:5 | Acquired 644 gold pieces
 58996 | Vaults:5 | Got the Elucidation of the Squall and Correspondence
 59791 | Depths:4 | Reached XP level 26. HP: 171/219 MP: 13/22
 59808 | Zot:1    | Entered Level 1 of the Realm of Zot
 59808 | Zot:1    | Noticed Vv
 59808 | Zot:1    | Found the +8 Wrath of Trog {antimagic, *Rage Rampage}
 59838 | Depths:4 | Killed Vv
 60010 | Zot:1    | Identified the +1 leather armour "Uwager" {rC- Dex+4}
 60282 | Zot:1    | Identified the +5 arbalest of Yredelemnul's Delight {flame,
                  | rPois}
 60376 | Zot:2    | Noticed a Killer Klown
 60409 | Zot:2    | Noticed an orb of fire
 60414 | Zot:2    | Killed a Killer Klown
 60451 | Zot:2    | Killed an orb of fire
 62683 | Zot:4    | Identified the +5 chain mail of Apathy {rPois Int+2}
 62978 | Zot:4    | Noticed Didetumn's ghost (veteran OgBe)
 63041 | Zot:4    | Found a runed translucent door.
 63601 | Zot:4    | Reached XP level 27. HP: 225/225 MP: 13/22
 63747 | Zot:5    | Entered Level 5 of the Realm of Zot
 64152 | Zot:5    | Got Tyvy's Spellbook of Blight and Topology
 64436 | Zot:5    | Noticed an orb of fire
 64449 | Zot:5    | Noticed an orb of fire
 64456 | Zot:5    | Noticed an orb of fire
 64464 | Zot:5    | Noticed an orb of fire
 64464 | Zot:5    | Noticed an ancient lich
 64474 | Zot:5    | Noticed an ancient lich
 64474 | Zot:5    | Noticed a dread lich
 64577 | Zot:5    | Killed an orb of fire
 64580 | Zot:5    | Noticed an orb of fire
 64594 | Zot:5    | Killed an orb of fire
 64679 | Zot:5    | Killed an orb of fire
 64716 | Zot:5    | Killed an orb of fire
 65013 | Zot:5    | Killed an orb of fire
 65054 | Zot:5    | Noticed an orb of fire
 65079 | Zot:5    | Killed an orb of fire
 65085 | Zot:5    | Noticed an orb of fire
 65105 | Zot:5    | Killed an orb of fire
 65115 | Zot:5    | Noticed an orb of fire
 65120 | Zot:5    | Killed an ancient lich
 65126 | Zot:5    | Killed an orb of fire
 65136 | Zot:5    | Killed an ancient lich
 65157 | Zot:5    | Killed a dread lich
 65310 | Zot:5    | Got the Orb of Zot
 65463 | Zot:3    | Noticed Exifoack the pandemonium lord
 65473 | Zot:3    | Killed Exifoack the pandemonium lord
 65601 | Depths:4 | Noticed Camysah the pandemonium lord
 65650 | Depths:1 | Noticed Mishitul the pandemonium lord
 66050 | D:$      | Escaped with the Orb!

Illustrated notes

Levels and vault maps discovered:
D:1:      onia_arrival_handbag, layout_loops_cross
D:2:      layout_loops_ring, nicolae_the_louvre
D:3:      layout_rooms, dreamdust_ecumenical_altar_angels_and_demons,
          uniq_sigmund
D:4:      layout_loops_corners
D:5:      layout_cave_pools, uniq_eustachio
D:6:      layout_loops_ring, nicolae_dithmenos_shadow_blocks,
          minmay_temple_entry_glass, kennysheep_small_square, uniq_menkaure,
          uniq_maggie
D:7:      layout_basic, nicolae_overflow_hidden_temple,
          overflow_temple_1_default, kennysheep_mini,
          grunt_temple_overflow_cloverleaf, uniq_joseph
D:8:      layout_rooms, lair_entry_dummy, serial_shops, nicolae_stop_n_shop_2,
          uniq_pikel, uniq_amaemon
D:9:      layout_loops_corners
D:10:     layout_cave_pools, minmay_orc_entry_temple_small, serial_gnoll_camp,
          gnoll_camp_medium_02, gnoll_camp_mini_basic, gnoll_camp_mini_house,
          gnoll_camp_huts_moat, gnoll_camp_mini_sergeant, gnoll_camp_mini_hut,
          minmay_ruffians, uniq_snorg
D:11:     layout_cave_pools, portal_ice_cave_rime, gauntlet_entry_generic,
          grunt_qazlal_sundering, uniq_nergalle, uniq_psyche
D:12:     layout_basic, minmay_protected_statue, uniq_fannar, uniq_lodul,
          uniq_jorgrun
D:13:     layout_rooms, david_vaults_1, uniq_kirke
D:14:     layout_loops_ring, small_statue_intersection
D:15:     hangedman_depths_entry_try_elsewhere_first, layout_irregular_city,
          nicolae_elyvilon_peaceful_grove, nicolae_shop_dragon_depot
Temple:   minmay_temple_curvy_branch
Lair:1:   layout_cave_pods, worms_lemuel, grunt_megastairs_2
Lair:2:   dragon1_lemuel, layout_misc_corridors, minmay_shoals_entry_beasts
Lair:3:   layout_regular_city, nicolae_snake_entry_warm_welcome,
          minmay_hedge_maze, pf_torpor_hydra, grunt_megastairs_4
Lair:4:   cheibrodos_lair_overgrown_chateau, layout_misc_corridors,
          gammafunk_lair_bear_cave
Lair:5:   grunt_lair_end_beastmaster, layout_hall_layers,
          nicolae_slime_entry_field_trip, ice2_lemuel, serial_bayou_shore_b
Shoals:1: layout_shoals
Shoals:2: layout_shoals
Shoals:3: layout_shoals, uniq_ilsuiw, uniq_polyphemus
Shoals:4: shoals_end_grunt_ice, layout_shoals, shoal_ilsuiw, uniq_mara
Snake:1:  layout_layer_cave, lemuel_fruit_tree, minmay_shop_star,
          nicolae_triple_integral
Snake:2:  nicolae_aizul_guard, layout_basic, serial_shops, nicolae_square_shop,
          serial_bayou_crossing, uniq_vashnia
Snake:3:  layout_rooms, hellmonk_scale_shop, grunt_megastairs_5
Snake:4:  snake_pit, layout_basic, uniq_bai_suzhen
Orc:1:    layout_diamond_mine, nicolae_volcano_entry_batcave,
          kennysheep_orc_chapel
Orc:2:    pf_orc_diabolical, layout_diamond_mine, serial_shops,
          nicolae_shop_bloodbath_and_beyond, lightli_church_of_beogh
Vaults:1: nicolae_vaults_angled_halls, hangedman_vaults_snaps,
          nicolae_vaults_wine_cellar, nicolae_vaults_network_quinsquares
          [nicolae_vaults_network_quincunx_subvault,
          nicolae_vaults_network_quincunx_subvault,
          nicolae_vaults_network_quincunx_subvault,
          nicolae_vaults_network_quincunx_subvault], v_misc_27,
          vaults_dpeg_cross, layout_vaults_quadrants, serial_shops,
          nicolae_shop_drivethru
Vaults:2: hangedman_vaults_nails, nicolae_vaults_theta,
          nicolae_vaults_specimen_jars, nicolae_vaults_house_3,
          nicolae_vaults_network_square, hangedman_vaults_corner_blocks,
          nicolae_vaults_shipping_containers_4, v_pattern_3,
          nicolae_vaults_more_shelving_2, nicolae_vaults_sightless_eye,
          nicolae_vaults_trapezoid_3, nicolae_vaults_windows_and_doors_thing,
          nicolae_vaults_apartment_2, nicolae_vaults_trapezoid_layered,
          layout_vaults_ring
Vaults:3: nicolae_vaults_big_angled_halls, ontoclasm_vaults_ring_square,
          nicolae_vaults_hallways_thing, nicolae_vaults_tetromino_L_1,
          ontoclasm_vaults_shuriken, hangedman_vaults_nails,
          hangedman_vaults_stream, nicolae_vaults_diamond_1,
          minmay_crypt_entry_simple_box, nicolae_vaults_sesquioval_fish,
          dpeg_vaults_hating_casters, nicolae_vaults_diagonal_hallway_6,
          vaults_standard_mumra_enter_the_diamond,
          nicolae_vaults_mini_display_case, vaults_room_fours,
          layout_vaults_omnicross, uniq_margery, uniq_mennas
Vaults:4: mu_enter_wizlab_5, nicolae_vaults_closet_pinwheel_2,
          hangedman_vaults_cutoff, v_misc_4, grunt_vaults_bifocal,
          hangedman_vaults_stagger, nicolae_vaults_little_squares_1,
          vaults_dpeg_hooks, nicolae_vaults_security_offices_3, v_misc_4,
          nicolae_vaults_tetromino_L_2, nicolae_vaults_little_squares_6,
          layout_vaults_omnibox, uniq_sojobo
Vaults:5: serial_shops
Crypt:1:  layout_basic
Crypt:2:  ragdoll_tomb_raider, layout_misc_corridors,
          serial_sigils_hangedman_gnaw
Crypt:3:  evilmike_haunted_forest, uniq_grunn
Depths:1: layout_cave_pools, serial_shops, shop, nrook_pool_corridor,
          pf_hell_entry_great_geh, abyss_entry_crystal,
          minmay_misc_feat_ornament, minislime_mu
Depths:2: kennysheep_bubbly, layout_gridlike, nicolae_elevator_lobby_asterisk,
          rand_demon_pan_entry_9, hell_entry,
          nicolae_wu_jian_immortal_techniques, infiniplex_staircase_pillars_2
Depths:3: minmay_skeletal_surprise, layout_cave_pools, enter_ziggurat_a,
          hangedman_abyss_entry_splay, hell_entry, minmay_misc_feat_cross,
          nicolae_diode_intersection
Depths:4: grunt_crosshair, layout_cave_pools, abyss_entry_small_statue_room,
          grunt_hell_entry_dis_grunt, pan_entry, minmay_shop_grove,
          infiniplex_staircase_pool_lava
Zot:1:    layout_misc_corridors, uniq_vv
Zot:2:    layout_misc_corridors
Zot:3:    layout_concentric_octagons, grunt_ministairs_4, st_stairs_12
Zot:4:    layout_gridlike, hellmonk_ghost_happy_afterlife,
          st_single_dragon_hoard_1, skrybe_zot_glass_3
Zot:5:    layout_gridlike

Skill      XL: |  1  2  3  4  5  6  7  8  9 10 11 12 13 14 15 16 17 18 19 20 21 22 23 24 25 26 27 |
---------------+----------------------------------------------------------------------------------+-----
Unarmed Combat | 4 5 6 7 8 9 10 11 13 14 15 17 19 20 21 23 | 23.3
Armour         | 1 3 4 6 8 9 11 12 13 14 15 16 19 21 22 | 22.4
Fighting       | 4 8 11 12 13 15 17 19 21 | 21.5
Evocations     | 4 5 6 7 |  7.3
Dodging        | 3 5 6 10 12 14 16 18 19 | 19.7
Shields        | 5 10 12 | 12.4

Action                     |  1- 3 |  4- 6 |  7- 9 | 10-12 | 13-15 | 16-18 | 19-21 | 22-24 | 25-27 || total
---------------------------+-------+-------+-------+-------+-------+-------+-------+-------+-------++-------
  Melee: Unarmed           |    93 |   125 |   236 |   720 |  1758 |  2075 |  1462 |  3091 |  2050 || 11610
  Throw: Dart              |       |       |       |    12 |     1 |       |     2 |       |       ||    15
 Invoke: Sacrifice Skill   |       |       |     1 |       |       |       |       |       |       ||     1
         Sacrifice Health  |       |       |       |     1 |       |       |       |       |       ||     1
         Sacrifice Arcana  |       |       |       |     1 |       |       |       |       |       ||     1
         Draw Out Power    |       |       |       |     1 |       |     3 |     3 |     3 |     2 ||    12
         Sacrifice Love    |       |       |       |     1 |       |       |       |       |       ||     1
         Sacrifice Words   |       |       |       |       |     1 |       |       |       |       ||     1
         Power Leap        |       |       |       |       |       |     1 |       |       |       ||     1
         Apocalypse        |       |       |       |       |       |       |     1 |       |     1 ||     2
  Evoke: Wand              |       |       |     6 |     4 |     4 |    11 |    11 |     2 |     4 ||    42
    Use: Scroll            |       |     1 |    13 |    11 |    13 |     6 |     4 |     5 |    11 ||    64
         Potion            |       |       |       |     5 |     5 |       |     8 |     3 |    15 ||    36
   Stab: Distracted        |       |       |       |     2 |    12 |    14 |     5 |    15 |    10 ||    58
         Invisible         |       |       |       |     1 |     2 |    15 |    14 |     8 |     7 ||    47
         Petrified         |       |       |       |       |    11 |       |       |     3 |       ||    14
         Paralysed         |       |       |       |       |     6 |     6 |     2 |     5 |     2 ||    21
 Armour: Robe              |     5 |       |       |       |       |       |       |       |       ||     5
         Ring mail         |    25 |    51 |    53 |       |       |       |       |       |       ||   129
         Swamp dragon scal |       |       |    77 |   337 |     3 |       |       |       |       ||   417
         Crystal plate arm |       |       |       |       |  1087 |   960 |   766 |  1436 |   275 ||  4524
         Gold dragon scale |       |       |       |       |       |       |       |       |   864 ||   864
  Dodge: Dodged            |    42 |    51 |   129 |   490 |   507 |   436 |   401 |  1132 |   842 ||  4030
  Block: Orb               |       |       |       |     2 |   208 |       |       |       |       ||   210
         Reflection        |       |       |       |       |    15 |    71 |    40 |    46 |       ||   172
         Kite shield       |       |       |       |       |   312 |  1204 |   900 |  1509 |   906 ||  4831

Table legend: (Time is in decaauts)
 A = Elapsed time spent in this place.
 B = Non-inter-level travel time spent in this place.
 C = Inter-level travel time spent in this place.
 D = Time resting spent in this place.
 E = Time spent auto-exploring this place.
 F = Levels seen in this place.
 G = Mean time per level.
                   A        B        C        D        E       F      G
               +--------+--------+--------+--------+--------+-----+--------+
         Total |  63311 |  58696 |   4615 |  11310 |  28501 |  55 | 1151.1 |
       Dungeon |  16345 |  14422 |   1923 |   2748 |   8004 |  15 | 1089.7 |
        Temple |     58 |     35 |     23 |      0 |      0 |   1 |   58.0 |
          Lair |   6442 |   5983 |    459 |   1250 |   3218 |   5 | 1288.4 |
        Shoals |   4137 |   3872 |    265 |    446 |   2004 |   4 | 1034.2 |
     Snake Pit |   5255 |   5075 |    180 |    873 |   2646 |   4 | 1313.8 |
  Orcish Mines |   3151 |   3035 |    116 |    919 |    949 |   2 | 1575.5 |
        Vaults |  10037 |   9372 |    665 |   2122 |   4179 |   5 | 2007.4 |
         Crypt |   3950 |   3623 |    327 |    287 |   2104 |   3 | 1316.7 |
        Depths |   5130 |   4731 |    399 |   1009 |   2123 |   4 | 1282.5 |
           Zot |   5158 |   4902 |    256 |    640 |   2696 |   5 | 1031.6 |
         Abyss |    890 |    890 |      0 |    144 |      0 |   3 |  296.7 |
      Ice Cave |   1149 |   1149 |      0 |    195 |    495 |   1 | 1149.0 |
       Volcano |    249 |    249 |      0 |      9 |     46 |   1 |  249.0 |
        Wizlab |   1158 |   1158 |      0 |    664 |     35 |   1 | 1158.0 |
      Gauntlet |    194 |    194 |      0 |      0 |      0 |   1 |  194.0 |
               +--------+--------+--------+--------+--------+-----+--------+

Top non-repeatable levels by time:
   Orc:2: 2549 daAuts
Vaults:4: 2287 daAuts
Vaults:1: 2178 daAuts
     D:9: 2039 daAuts
Vaults:2: 1950 daAuts
 Crypt:3: 1945 daAuts
Vaults:3: 1861 daAuts
Vaults:5: 1759 daAuts
   Zot:3: 1727 daAuts
Depths:2: 1629 daAuts
 Snake:1: 1623 daAuts
    D:12: 1563 daAuts
  Lair:3: 1538 daAuts
Shoals:4: 1509 daAuts
    D:10: 1492 daAuts
